cohdb
Replays
Latest Replays
All Replays
Popular Replays
Top Player Replays
Match Explorer
How It Works
Community
CoH3 Stats
Reddit
Sign in to upload your games and track your stats! →
Sign in with Steam
Match 22459552
Unlisted
Match 22459552
Overview
Messages
Build Orders
End
Kradschützen Motorcycle Team
Panzergrenadier Squad
250 Light Carrier
Panzergrenadier Squad
Construct Light Support Kompanie
Fire Support Elements
MG34 Team
2.5-tonne Medical Truck
Pak 38 Anti-tank Gun Team
le.IG 18 Mechanized Group
Veteran Squad Leaders
Construct Panzerarmee Kommand
Panzer III L Medium Tank
Rapid Advance
Selects Armored Support Battlegroup
Selects Veteran Gunners
Selects Salvage Kits
Selects Panzer Storm
Eilte
Emilioboka
0
0
Comments
sign in to comment!
No comments posted yet!